 Dungeon Crawl Stone Soup version 0.27-a0-1084-g78b3836a5f (webtiles) character file.

Game seed: 10231605234805661809

49 tilp the Sneak (level 3, -3/19 HPs)
             Began as a Vine Stalker Brigand on Apr 26, 2021.
             Slain by a water moccasin zombie (5 damage)
             ... on level 2 of the Dungeon.
             The game lasted 00:04:05 (2557 turns).

tilp the Sneak (Vine Stalker Brigand)               Turns: 2557, Time: 00:04:06

Health: -3/19      AC:  3    Str: 13    XL:     3   Next: 77%
Magic:  0/4        EV: 11    Int: 11    God:
Gold:   65         SH:  0    Dex: 16    Spells: 2/2 levels left

rFire    . . .     SeeInvis .   a - +2 dagger
rCold    . . .     Faith    .   (no shield)
rNeg     . . .     Spirit   +   b - +0 robe
rPois    .         Reflect  .   (no helmet)
rElec    .         Harm     .   c - +0 cloak
rCorr    .         Rampage  .   (no gloves)
Will     .....                  (no boots)
Stlth    +++.......             (no amulet)
HPRegen  0.06/turn              (no ring)
MPRegen  0.09/turn              (no ring)

@: no status effects
A: fangs 2, magic shield, antimagic bite, no potion heal 2
a: no special abilities


You were on level 2 of the Dungeon.
You visited 1 branch of the dungeon, and saw 2 of its levels.

You collected 85 gold pieces.
You spent 20 gold pieces at shops.

Inventory:

Hand Weapons
 a - a +2 dagger (weapon)
Missiles
 d - 11 poisoned darts (quivered)
 e - 2 curare-tipped darts {!f}
Armour
 b - a +0 robe (worn)
 c - a +0 cloak (worn)
Jewellery
 j - an amulet of faith
Scrolls
 f - 2 scrolls of identify
 h - a scroll of fog
Potions
 g - a potion of curing
 i - a potion of flight
 k - 2 potions of lignification {unknown}
 l - a potion of invisibility {unknown}


   Skills:
 + Level 2.8 Fighting
 + Level 2.8 Short Blades
 - Level 1.7 Throwing
 - Level 0.7 Dodging
 - Level 4.8 Stealth


You had 2 spell levels left.
You didn't know any spells.
Your spell library contained the following spells:

 Spells                   Type           Power      Damage    Failure   Level
 Magic Dart               Conj           0%         1d3       34%         1
 Searing Ray              Conj           0%         3d3       47%         2
 Dazzling Flash           Conj/Hex       0%         N/A       71%         3
 Fulminant Prism          Conj/Hex       0%         3d6       98%         4
 Iskenderun's Mystic Bla  Conj/Tloc      0%         2d3       98%         4


Dungeon Overview and Level Annotations

Branches:
Dungeon (2/15)

Altars:

Shops:
D:2 (:*(

Annotations:
D:2 Terence


Innate Abilities, Weirdness & Mutations

You have extremely sharp teeth.
When hurt, damage is shared between your health and your magic reserves.
Your bite disrupts and absorbs the magic of your enemies.
Potions cannot restore your health.


Message History

The water moccasin zombie is lightly damaged.
The water moccasin zombie misses you.
You hit the water moccasin zombie. You bite the water moccasin zombie.
You drain its power.
You feel invigorated.
The water moccasin zombie is moderately damaged.
The water moccasin zombie bites you.
* * * LOW HITPOINT WARNING * * *
You hit the water moccasin zombie. You bite the water moccasin zombie.
You drain its power.
You feel invigorated.
The water moccasin zombie is heavily damaged.
The water moccasin zombie barely misses you.
You hit the water moccasin zombie.
Your bite misses the water moccasin zombie.
The water moccasin zombie is heavily damaged.
The water moccasin zombie bites you but does no damage.
You hit the water moccasin zombie.
Your bite misses the water moccasin zombie.
The water moccasin zombie is heavily damaged.
The water moccasin zombie bites you.
* * * LOW HITPOINT WARNING * * *
You barely miss the water moccasin zombie.
The water moccasin zombie is heavily damaged.
You hit the water moccasin zombie.
The water moccasin zombie is severely damaged.
The water moccasin zombie barely misses you.
You barely miss the water moccasin zombie.
You bite the water moccasin zombie. You drain its power.
You feel invigorated.
The water moccasin zombie is severely damaged.
The water moccasin zombie bites you.
* * * LOW HITPOINT WARNING * * *
You hit the water moccasin zombie.
Your bite misses the water moccasin zombie.
The water moccasin zombie is severely damaged.
The water moccasin zombie bites you.
Okay, then.
You hit the water moccasin zombie. You bite the water moccasin zombie.
You drain its power.
You feel invigorated.
The water moccasin zombie is almost destroyed.
The water moccasin zombie bites you!
You die...

.......##..#.#
.#####.##..#.#
.............#
..#####.#..###
...####....#
......##...#####
......+........#
#'#...##.......#########
#.#.#..........'@Z......
#.#.###).>.....#########
#.#.# #.#......# #.#.#
#.#......#
#.#.###.#......#
..#.....#...)..#
#########......#
......†...######
###########


You could see a water moccasin zombie.

Vanquished Creatures
  A gnoll (D:1)
  An adder (D:2)
  A worm (D:2)
  4 endoplasms
  A giant cockroach (D:2)
  2 goblins (D:2)
  4 hobgoblins
  2 quokkas
  2 ball pythons
  4 bats
  A frilled lizard (D:2)
  A kobold (D:1)
  5 rats
29 creatures vanquished.

Notes
Turn   | Place    | Note
-------+----------+-------------------------------------------
     0 | D:1      | tilp the Vine Stalker Brigand began the quest for the Orb.
     0 | D:1      | Reached XP level 1. HP: 11/11 MP: 2/2
   729 | D:1      | Reached XP level 2. HP: 15/15 MP: 3/3
  1247 | D:2      | Reached XP level 3. HP: 15/19 MP: 2/4
  1365 | D:2      | Found Buckih's Antique Weapon Emporium.
  1366 | D:2      | Found Akhesifu's General Store.
  1456 | D:2      | Bought a scroll of identify for 20 gold pieces
  1496 | D:2      | Found Veteg's Book Boutique.
  1642 | D:2      | Noticed Terence
  1644 | D:2      | Found Jecoocov's Antique Weapon Shoppe.
  2251 | D:2      | Found a faded altar of an unknown god.
  2557 | D:2      | Slain by a water moccasin zombie

Illustrated notes

Levels and vault maps discovered:
D:1:      dpeg_arrival_oval, layout_basic
D:2:      layout_basic, hellmonk_ecumenical_altar_leap_of_faith, serial_shops,
          shop, shop, shop, shop, shop, uniq_terence

Skill      XL: |  1 |
---------------+----+-----
Fighting       | 2 |  2.8
Short Blades   | 2 |  2.8
Throwing       | |  1.7
Dodging        | |  0.7
Stealth        | |  4.8

Action                   || total
-------------------------++-------
Melee: Dagger            ||    87
       Bite              ||    23
Throw: Dart              ||    14
  Use: Scroll            ||     5
 Stab: Sleeping          ||    10
       Distracted        ||     1
Armor: Robe              ||    22
Dodge: Dodged            ||    44

Table legend: (Time is in decaauts)
 A = Elapsed time spent in this place.
 B = Non-inter-level travel time spent in this place.
 C = Inter-level travel time spent in this place.
 D = Time resting spent in this place.
 E = Time spent auto-exploring this place.
 F = Levels seen in this place.
 G = Mean time per level.
                   A        B        C        D        E       F      G
               +--------+--------+--------+--------+--------+-----+--------+
         Total |   2547 |   2438 |    109 |    203 |   1856 |   2 | 1273.5 |
       Dungeon |   2547 |   2438 |    109 |    203 |   1856 |   2 | 1273.5 |
               +--------+--------+--------+--------+--------+-----+--------+

Top non-repeatable levels by time:
     D:1: 1491 daAuts
     D:2: 1055 daAuts
